 Dungeon Crawl Stone Soup version 0.28.0-45-g0d030f2227 (webtiles) character file.

Game seed: 17113556581359973810

1 zeratav the Caller (level 1, 0/10 HPs)
             Began as a Tengu Summoner on Apr 13, 2022.
             Slain by a kobold
             ... wielding a +0 short sword
              (5 damage)
             ... on level 1 of the Dungeon.
             The game lasted 00:00:29 (125 turns).

zeratav the Caller (Tengu Summoner)                  Turns: 125, Time: 00:00:29

Health: 0/10       AC:  2    Str:  8    XL:     1   Next: 20%
Magic:  0/4        EV: 12    Int: 15    God:
Gold:   0          SH:  0    Dex: 14    Spells: 3/4 levels left

rFire   . . .      SeeInvis .   (no weapon)
rCold   . . .      Faith    .   (no shield)
rNeg    . . .      Spirit   .   a - +0 robe
rPois   .          Reflect  .   (helmet restricted)
rElec   .          Harm     .   (no cloak)
rCorr   .          Rampage  .   (no gloves)
Will    .....                   (boots unavailable)
Stlth   ++........              (no amulet)
HPRegen 0.03/turn               (no ring)
MPRegen 0.09/turn               (no ring)

@: no status effects
A: beak, talons 3
a: no special abilities


You were on level 1 of the Dungeon.
You visited 1 branch of the dungeon, and saw 1 of its levels.


Innate Abilities, Weirdness & Mutations

You have a beak for a mouth.
You have claws for feet.


   Skills:
 - Level 2.1 Dodging
 - Level 2.0 Stealth
 + Level 2.0 Spellcasting
 * Level 4.9 Summonings


You had 3 spell levels left.
You knew the following spells:

 Your Spells              Type           Power      Damage    Failure   Level
a - Summon Small Mammal   Summ           64%        N/A       3%          1

Your spell library contained the following spells:

 Spells                   Type           Power      Damage    Failure   Level
 Call Imp                 Summ           16%        N/A       4%          2
 Call Canine Familiar     Summ           16%        N/A       9%          3
 Summon Guardian Golem    Hex/Summ       8%         N/A       24%         3
 Summon Lightning Spire   Summ/Air       8%         N/A       63%         4

Inventory:

Armour
 a - a +0 robe (worn)

Dungeon Overview and Level Annotations

Branches:
Dungeon (1/15)

Altars:

#(§......# #........#
########........# #####
#...............+ #...#
#.......†.......# #...#
#..........##'#######
##...###..........#........#
#.................#........##
#...........@J.b...........#.
#...........rK...............
##...................###......
#...............g....# #......
#.#######............# #......
#.# #..........§§###....#. #.#
########+#K........... #.####
#......§##..##..## #....##
#......####....###


You could see a gnoll, an endoplasm (ally target), 2 kobolds, a friendly quokka
(summoned) and a friendly bat (summoned).


Message History

g - Guard the area. f - Follow me.
Anything else - Cancel.
Gang up on whom?
Press: ? - help, Dir - move target, f - gnoll
Aim: a gnoll, wielding a +0 whip (ally target) Attack!
Your bat hits the gnoll but does no damage.
The endoplasm closely misses your bat.
The gnoll hits your quokka with a +0 whip.
Your quokka dies!
Your quokka's corpse disappears in a puff of smoke!
Your bat hits the gnoll.
Casting: Summon Small Mammal (safe; 3% risk of failure)
Confirm with . or Enter, or press ? or * to list all spells.
You miscast Summon Small Mammal.
You are very lightly contaminated with residual magic.
Nothing appears to happen.
Your bat hits the gnoll but does no damage.
Your bat hits the endoplasm but does no damage.
MP[-1]
You lost 1 mp, and now have 1/4 mp.
Your bat hits the gnoll but does no damage.
Casting: Summon Small Mammal (safe; 3% risk of failure)
Confirm with . or Enter, or press ? or * to list all spells.
Your bat barely misses the gnoll.
MP[-1]
You lost 1 mp, and now have 0/4 mp.
Your bat hits the gnoll but does no damage.
The gnoll hits your bat with a +0 whip.
Your bat dies!
Your bat's corpse disappears in a puff of smoke!
The gnoll shouts!
Your rat bites the endoplasm.
What are your orders? t - Shout!
Orders for allies: a - Attack new target. p - Attack previous target. r - Retreat! s - Stop attacking. g - Guard the area. f - Follow me.
Anything else - Cancel.
Gang up on whom?
Press: ? - help, Dir - move target, f/p - gnoll
Aim: a gnoll, wielding a +0 whip (lightly wounded, ally target) Attack!
MP[+1]
Your rat bites the gnoll.
Your magical contamination has completely faded away.
Casting: Summon Small Mammal (safe; 3% risk of failure)
Confirm with . or Enter, or press ? or * to list all spells.
The endoplasm freezes you.
You are frozen.
Your rat misses the gnoll.
HP[-3] MP[-1]
You take 3 damage, and now have 7/10 hp.
MASSIVE DAMAGE!! (PAUSE)
You lost 1 mp, and now have 0/4 mp.
Your bat hits the endoplasm. The endoplasm misses your bat.
Your rat barely misses the gnoll.
Your bat hits the endoplasm but does no damage.
Your bat hits the endoplasm but does no damage.
Your bat hits the gnoll but does no damage.
Your bat hits the endoplasm but does no damage.
Your bat hits the endoplasm but does no damage.
Your bat hits the gnoll but does no damage.
A kobold comes into view. It is wielding a +0 short sword.
The kobold shouts!
Your bat hits the gnoll but does no damage.
Your bat barely misses the gnoll.
MP[+1]
Your bat hits the gnoll.
Your rat bites the gnoll.
Your bat barely misses the gnoll.
Your bat hits the gnoll but does no damage.
Your rat disappears in a puff of smoke!
Your bat hits the gnoll but does no damage. x2
Casting: Summon Small Mammal (safe; 3% risk of failure)
Confirm with . or Enter, or press ? or * to list all spells.
Your bat hits the gnoll but does no damage.
The gnoll misses your bat.
A kobold comes into view. It is wielding a +0 short sword.
MP[-1]
You lost 1 mp, and now have 0/4 mp.
What are your orders? t - Shout!
Orders for allies: a - Attack new target. p - Attack previous target. r - Retreat! s - Stop attacking. g - Guard the area. f - Follow me.
Anything else - Cancel.
Gang up on whom?
Press: ? - help, Dir - move target, f - endoplasm, p - gnoll
Aim: an endoplasm (heavily wounded, ally target) Attack!
Your bat hits the endoplasm but does no damage.
The endoplasm freezes you.
You are frozen.
* * * LOW HITPOINT WARNING * * *
HP[-2]
You take 2 damage, and now have 5/10 hp.
You barely miss the endoplasm. You peck the endoplasm.
Your bat barely misses the endoplasm.
The kobold hits you with a +0 short sword.
Ouch! That really hurt!
You die...

Action                   || total
-------------------------++-------
Melee: Unarmed           ||     1
       Peck              ||     1
 Cast: Summon Small Mamm ||     7

Levels and vault maps discovered:
D:1:      lightli_arrival_quake, layout_basic, palyth_stone_intersect,
          st_stairs_7, minmay_unequal

Notes
Turn   | Place    | Note
-------+----------+-------------------------------------------
     0 | D:1      | zeratav the Tengu Summoner began the quest for the Orb.
     0 | D:1      | Reached XP level 1. HP: 10/10 MP: 4/4
     0 | D:1      | magus.rc [v1.9.6]
   125 | D:1      | Slain by a kobold

Vanquished Creatures (collateral kills)
  A giant cockroach (D:1)
1 creature vanquished.

Table legend:
 A = Non-vault XP
 B = Vault XP
 C = Vault XP percentage of total XP
 D = Non-vault monster count
 E = Vault monster count
 F = Vault count percentage of total count
                 A         B        C        D         E       F
            +---------+---------+-------+---------+---------+-------
      Total |       2 |       0 |   0.0 |       1 |       0 |   0.0
            +---------+---------+-------+---------+---------+-------
        D:1 |       2 |       0 |   0.0 |       1 |       0 |   0.0
            +---------+---------+-------+---------+---------+-------

Illustrated notes

Table legend:
 A = Kills in this place as a percentage of kills in entire the game.
 B = Kills by you in this place as a percentage of kills by you in the entire game.
 C = Kills by friends in this place as a percentage of kills by friends in the entire game.
 D = Other kills in this place as a percentage of other kills in the entire game.
 E = Experience gained in this place as a percentage of experience gained in the entire game.
 F = Experience gained in this place divided by the number of levels of this place that you have seen.
                   A       B       C       D       E      F
               +-------+-------+-------+-------+-------+----------------------
         Total | 100.0 |   N/A | 100.0 |   N/A | 100.0 |   2.0
       Dungeon | 100.0 |   N/A | 100.0 |   N/A | 100.0 |   2.0
               +-------+-------+-------+-------+-------+----------------------

Table legend: (Time is in decaauts)
 A = Elapsed time spent in this place.
 B = Non-inter-level travel time spent in this place.
 C = Inter-level travel time spent in this place.
 D = Time resting spent in this place.
 E = Time spent auto-exploring this place.
 F = Levels seen in this place.
 G = Mean time per level.
                   A        B        C        D        E       F      G
               +--------+--------+--------+--------+--------+-----+--------+
         Total |    125 |    125 |      0 |      0 |     88 |   1 |  125.0 |
       Dungeon |    125 |    125 |      0 |      0 |     88 |   1 |  125.0 |
               +--------+--------+--------+--------+--------+-----+--------+

Top non-repeatable levels by time:
     D:1: 125 daAuts
